Map: Port Aleksander LE

Players

HateMe

  • Race: Zerg Zerg
  • Spawn Location: 11:00

DIMAGA - Winner!

  • Race: Zerg Zerg
  • Spawn Location: 5:00

Event: 2019 WCS Spring

VOD

Have the link to the VOD?

Description

Time

  • Played on: May 17, 2019, 11:06 a.m.
  • Length: 14:43

All games in this series

Show
View Real Time Build Order
Export as new Build Order

HateMe Zerg 

Build Orders: Hatch First, Zergling Baneling 

Get SALT Encoding   

  12  0:00  Drone  
  13  0:13  Overlord  
  13  0:18  Drone  
  14  0:31  Drone x2  
  16  0:48  Hatchery  
  15  0:52  Drone  
  17  0:57  Drone  
  17  1:00  Drone  
  18  1:11  Extractor  
  17  1:15  Spawning Pool  
  17  1:18  Drone  
  17  1:22  Drone  
  18  1:29  Drone  
  19  1:40  Drone  
  20  1:51  Overlord  
  20  2:01  Drone  
  20  2:02  Queen, Zergling x2  
  20  2:03  Queen  
  26  2:11  Drone  
  26  2:13  Drone  
  26  2:14  Metabolic Boost  
  28  2:22  Drone x2  
  30  2:37  Hatchery  
  29  2:41  Drone x2  
  31  2:48  Baneling Nest  
  31  2:50  Drone  
  31  2:53  Overlord  
  31  2:58  Zergling x2  
  32  2:59  Zergling x2  
  32  3:05  Zergling x4  
  35  3:10  Zergling x2  
  36  3:15  Zergling x8  
  40  3:22  Overlord  
  40  3:24  Zergling x2  
  40  3:35  Zergling x6  
  40  3:41  Zergling x2  
  44  3:43  Baneling  
  44  3:45  Baneling x3  
  44  3:46  Drone x4  
  44  3:47  Drone  
  49  3:50  Drone  
  49  3:55  Drone x2  
  51  3:57  Drone  
  53  4:07  Drone x3  
  46  4:10  Baneling x2  
  46  4:13  Evolution Chamber, Zergling x4  
  47  4:18  Drone  
  47  4:20  Zergling x6  
  47  4:23  Zergling x4  
  53  4:25  Drone  
  53  4:27  Drone  
  53  4:30  Drone  
  56  4:33  Drone x2  
  56  4:35  Extractor  
  56  4:36  Extractor  
  56  4:43  Drone x2  
  56  4:45  Zerg Missile Weapons Level 1  
  58  4:49  Baneling  
  58  4:50  Baneling  
  55  4:58  Zergling x6  
  57  5:00  Baneling x2  
  57  5:05  Baneling  
  54  5:07  Zergling x8  
  57  5:17  Drone  
  57  5:18  Drone  
  56  5:25  Drone x2  
  56  5:28  Overlord x3  
  55  5:30  Roach Warren  
  55  5:33  Queen  
  56  5:38  Zergling x4  
  58  5:46  Overlord  
  59  5:50  Drone x3  
  59  5:51  Lair  
  59  5:56  Drone x6  
  67  6:03  Drone x4  
  71  6:06  Extractor  
  71  6:08  Extractor  
  71  6:10  Extractor  
  66  6:11  Drone x2  
  66  6:15  Drone  
  66  6:16  Drone  
  66  6:17  Drone  
  71  6:24  Roach x4  
  81  6:40  Roach  
  81  6:46  Overlord x2  
  81  6:49  Drone  
  81  6:51  Spire, Glial Reconstitution  
  81  6:52  Zerg Missile Weapons Level 2  
  80  6:56  Overlord  
  80  6:57  Overlord  
  80  7:00  Drone  
  81  7:06  Drone  
  81  7:07  Drone x7  
  89  7:09  Overlord x2  
  89  7:11  Roach x3  
  95  7:17  Roach x2  
  95  7:21  Hatchery  
  98  7:28  Roach x4  
  102  7:33  Roach x3  
  102  7:35  Overlord  
  102  7:36  Roach x3  
  114  7:44  Overlord x2  
  114  7:50  Roach x4  
  122  8:02  Mutalisk  
  122  8:03  Mutalisk x6  
  136  8:22  Mutalisk  
  134  8:28  Mutalisk x2  
  134  8:33  Mutalisk x3  
  140  8:35  Zergling x16  
  138  8:50  Mutalisk x2  
  138  8:52  Zergling x4  
  138  8:54  Mutalisk  
  136  9:06  Zergling x14  
  141  9:12  Overlord x2  
  141  9:13  Queen  
  143  9:22  Overlord x2  
  140  9:35  Mutalisk x6  
  149  9:40  Zergling x2  
  149  9:41  Zergling x14, Extractor  
  149  9:42  Extractor  
  155  9:47  Mutalisk  
  155  9:53  Zergling x10  
  155  9:59  Mutalisk x2  
  160  10:09  Overlord  
  160  10:10  Overlord x2  
  156  10:16  Spore Crawler  
  156  10:17  Spore Crawler  
  148  10:23  Mutalisk x3  
  147  10:29  Mutalisk x2  
  147  10:32  Hatchery  
  147  10:35  Zergling x18  
  142  10:53  Mutalisk x2  
  142  10:56  Zergling x6  
  149  11:05  Mutalisk  
  149  11:07  Zergling x8  
  142  11:14  Overseer x2  
  142  11:15  Overseer  
  140  11:19  Zergling x8  
  140  11:22  Pneumatized Carapace  
  142  11:27  Zergling x6  
  142  11:31  Spine Crawler  
  142  11:32  Spine Crawler x2  
  130  11:33  Spine Crawler  
  109  11:42  Spine Crawler  
  97  11:48  Roach x8  
  103  12:01  Roach x2  
  82  12:20  Drone x6  
  70  12:33  Drone x5  
  49  12:49  Drone  
  41  12:54  Overseer  
  41  12:55  Overseer  
  37  13:13  Drone  
  37  13:22  Drone  
  38  13:31  Drone  
  37  13:57  Drone x2  
Show
View Real Time Build Order
Export as new Build Order

DIMAGA Zerg - Winner!

Build Orders: Hatch First, Zergling Baneling 

Get SALT Encoding   

  12  0:00  Drone  
  13  0:13  Overlord  
  13  0:18  Drone  
  14  0:31  Drone  
  14  0:32  Drone  
  16  0:49  Hatchery  
  15  0:53  Drone  
  15  0:56  Drone  
  17  1:00  Drone  
  18  1:10  Extractor  
  17  1:15  Spawning Pool  
  17  1:18  Drone  
  17  1:22  Drone  
  18  1:29  Drone  
  19  1:40  Drone  
  20  1:50  Drone  
  21  2:00  Overlord  
  21  2:01  Queen x2, Drone  
  26  2:13  Drone x2  
  26  2:14  Metabolic Boost  
  28  2:23  Drone  
  28  2:24  Drone  
  30  2:37  Hatchery  
  30  2:42  Zergling x4  
  31  2:49  Baneling Nest  
  31  2:51  Overlord  
  30  2:55  Drone  
  30  2:58  Drone  
  32  3:03  Drone  
  33  3:11  Drone x4  
  36  3:15  Drone x2  
  36  3:17  Zergling x2  
  36  3:19  Drone  
  40  3:23  Overlord  
  40  3:29  Queen  
  42  3:36  Baneling  
  42  3:38  Zergling x2  
  43  3:45  Zergling x12  
  43  3:48  Baneling  
  49  3:51  Queen  
  49  3:54  Zergling x2  
  50  4:10  Baneling x7  
  50  4:14  Zergling x16  
  58  4:19  Baneling  
  58  4:20  Evolution Chamber  
  57  4:26  Drone  
  57  4:27  Overlord  
  57  4:28  Overlord  
  58  4:35  Extractor  
  56  4:49  Drone x9  
  56  4:50  Zerg Missile Weapons Level 1  
  64  4:52  Extractor  
  64  4:53  Roach Warren, Baneling  
  61  5:03  Overlord  
  61  5:04  Drone x2  
  61  5:05  Drone x3  
  63  5:20  Zergling x10  
  59  5:23  Zergling x2  
  59  5:27  Zergling x8  
  59  5:28  Lair  
  63  5:35  Zergling x4  
  65  5:38  Baneling  
  65  5:43  Drone x2  
  67  5:50  Drone  
  67  5:51  Drone x9  
  77  6:05  Drone x4  
  80  6:12  Overlord x2, Extractor  
  80  6:13  Extractor  
  80  6:14  Extractor  
  77  6:20  Overlord  
  77  6:21  Drone x4  
  81  6:26  Glial Reconstitution  
  81  6:27  Spire  
  81  6:30  Drone  
  81  6:31  Drone x2  
  83  6:39  Drone x3  
  85  6:48  Overlord x3  
  85  6:51  Zerg Missile Weapons Level 2  
  85  6:54  Overlord x2  
  85  6:55  Overlord, Roach  
  85  6:56  Roach x3  
  93  7:07  Overlord  
  93  7:09  Hatchery  
  92  7:16  Roach x3  
  92  7:17  Roach x2  
  101  7:32  Overlord  
  101  7:33  Overlord  
  101  7:39  Mutalisk x7  
  101  7:40  Mutalisk  
  101  7:41  Mutalisk  
  119  7:50  Roach x5  
  127  7:54  Overlord  
  127  7:55  Roach x3  
  133  8:06  Roach x4  
  141  8:18  Roach x8  
  154  8:26  Roach  
  154  8:27  Roach x4  
  159  8:49  Drone x4  
  159  8:51  Drone x2  
  164  8:59  Overlord x2  
  164  9:00  Mutalisk x4  
  164  9:01  Mutalisk x2  
  176  9:04  Extractor  
  176  9:08  Drone x3  
  176  9:09  Drone x2  
  174  9:12  Extractor  
  171  9:22  Mutalisk x4  
  177  9:26  Zergling x16  
  184  9:37  Overlord x3  
  174  9:45  Tunneling Claws  
  174  9:46  Burrow  
  174  9:47  Zerg Ground Armor Level 1  
  174  9:50  Overlord x2  
  165  10:25  Mutalisk x7  
  165  10:26  Mutalisk x2  
  177  10:28  Roach x4  
  162  10:46  Roach x15  
  172  10:54  Queen  
  172  10:55  Queen x2  
  172  10:57  Queen, Mutalisk x2, Roach x11  
  174  11:00  Spore Crawler  
  174  11:02  Roach x5  
  178  11:07  Roach x7  
  178  11:09  Roach x3  
  166  11:23  Roach x13  
  167  11:38  Spore Crawler  
  154  11:40  Spore Crawler  
  154  11:42  Mutalisk  
  154  11:43  Mutalisk x2  
  159  11:52  Mutalisk x3  
  159  11:53  Roach x2  
  159  11:54  Roach x4  
  156  11:55  Roach x2  
  140  12:07  Mutalisk x2  
  140  12:17  Mutalisk x3  
  136  12:37  Mutalisk x2  
  122  12:42  Roach x3  
  122  12:43  Mutalisk  
  112  12:48  Roach x3  
  106  13:05  Roach x6  
  105  13:14  Roach x8  
  105  13:17  Roach x4  
  115  13:31  Spawning Pool  
  114  13:34  Roach x6  
  114  13:36  Roach x4  
  112  13:45  Drone x2  
  112  13:46  Drone x4  
  114  14:13  Drone x5  
  100  14:27  Spore Crawler  
  100  14:29  Spore Crawler  
  100  14:30  Spore Crawler  
  97  14:37  Spore Crawler x2  
  95  14:39  Spore Crawler  
Tags
 
Add a new tag
Caveats
  • Supply blocks, unpowered buildings, or Contaminate may cause inaccurate times.
  • Supply counts are checked every 10 seconds.